 Dungeon Crawl Stone Soup version 0.17-a0-1571-g3ed2ab2 (webtiles) character file.

32108 Promi the Fighter (level 13, -4/123 HPs)
             Began as a Minotaur Berserker on July 23, 2015.
             Was the Champion of Trog.
             Slain by a 11-headed hydra (6 damage)
             ... on level 3 of the Lair of Beasts on July 24, 2015.
             The game lasted 01:23:10 (18976 turns).

Promi the Fighter (Minotaur Berserker)             Turns: 18976, Time: 01:23:10

Health: -4/123     AC: 26    Str: 26    XL:     13   Next: 29%
Magic:  4/4        EV: 13    Int:  4    God:    Trog [******]
Gold:   1235       SH:  2    Dex: 11    Spells: 0 memorised, 12 levels left

rFire  . . .     SeeInvis .     m - +1 lajatang (antimagic)
rCold  . . .     Clarity  .     a - +3 plate armour {rN+}
rNeg   + + .     SustAt   .     (no shield)
rPois  .         Gourm    .     (helmet restricted)
rElec  .         Spirit   .     D - +0 cloak
rCorr  .         Warding  .     I - +2 pair of gloves
rMut   .         Stasis   .     (no boots)
MR     .....                    (no amulet)
Stlth  ..........               (no ring)
                                s - ring of positive energy

@: exhausted, very slightly contaminated, slowed, studying Unarmed Combat,
invisible, very slow, not resistant to hostile enchantments, extremely
unstealthy
A: retaliatory headbutt, horns 2, large bone plates 1, screaming 1, spit poison
1
a: Spit Poison, Burn Spellbooks, Berserk, Trog's Hand, Brothers in Arms,
Renounce Religion


You were on level 3 of the Lair of Beasts.
You worshipped Trog.
Trog was exalted by your worship.
You were near starving.

You visited 3 branches of the dungeon, and saw 19 of its levels.
You also visited: Sewer.

You collected 1697 gold pieces.
You spent 462 gold pieces at shops.

Inventory:

Hand weapons
 k - a +4 antimagic battleaxe
 m - a +1 antimagic lajatang (weapon)
 o - a +5 hunting sling of freezing
 t - a +2 antimagic executioner's axe
 F - a +0 broad axe
Armour
 a - a +3 plate armour of positive energy (worn)
 D - a +0 cloak (worn)
 I - a +2 pair of gloves (worn)
Jewellery
 s - a ring of positive energy (left hand)
Magical devices
 e - a wand of random effects (33)
 j - a wand of slowing (25)
 x - a wand of polymorph (18)
 y - a wand of slowing (19)
 A - a wand of draining (6)
 C - a wand of enslavement (19)
Scrolls
 b - a scroll of fog
 g - a scroll of enchant armour
 q - 6 scrolls of identify
 v - a scroll of holy word {unknown}
 z - a scroll of recharging
 B - 4 scrolls of teleportation
 E - a scroll of amnesia {unknown}
 H - 2 scrolls of blinking
 K - 3 scrolls of remove curse
Potions
 n - a potion of cure mutation
 p - 3 potions of flight
 r - a potion of might
 u - 3 potions of brilliance
 w - 2 potions of magic
 Q - a potion of experience {unknown}
Books
 f - a manual of Unarmed Combat
Comestibles
 c - 6 bread rations
 h - 5 beef jerkies
 i - 5 meat rations
 l - 8 slices of pizza
 J - 9 fruits
 M - 2 royal jellies


   Skills:
 + Level 13.8 Fighting
 + Level 13.6 Axes
 + Level 13.5 Armour
 + Level 12.6 Dodging


You had 12 spell levels left.
You didn't know any spells.

Dungeon Overview and Level Annotations

Branches:
Dungeon (12/15)            Temple (0/1) D:4            Lair (3/8) D:11
    Orc (4/4) D:10            Elf (0/3) Orc:3
  Swamp: Lair:3-6    Shoals: Lair:3-6     Snake: Lair:3-6    Spider: Lair:3-6

Altars:
Cheibriados
Gozag
Nemelex Xobeh
Qazlal
Ru
Sif Muna
Trog
Vehumet
Xom
Lugonu

Shops:
D:4 [   Orc:4 *[[=


Innate Abilities, Weirdness & Mutations

You reflexively headbutt those who attack you in melee.
You have a pair of horns on your head.
You are partially covered in large bone plates (AC +2, SH +2).
You occasionally shout uncontrollably at your foes.
You can spit weak poison.


Message History

The 11-headed hydra bites you but does no damage.
The 11-headed hydra completely misses you.
The 11-headed hydra bites you.
* * * LOW HITPOINT WARNING * * *
The 11-headed hydra closely misses you. The 11-headed hydra bites you.
* * * LOW HITPOINT WARNING * * *
The 11-headed hydra closely misses you. The 11-headed hydra bites you!
* * * LOW HITPOINT WARNING * * *
You are very lightly contaminated with residual magic.
A yak comes into view.
Use which ability? (? or * to list)
Your troll goes berserk!
You are near starving!
The yak bellows!
The 11-headed hydra misses you. You furiously retaliate!
You headbutt the 11-headed hydra!
The 11-headed hydra bites you but does no damage.
The 11-headed hydra closely misses you. The 11-headed hydra misses you.
The 11-headed hydra misses you. The 11-headed hydra bites you.
You die...

... .. .. P.# #.# ..# #.P
##.. ..# #.# ..#### #..
#.# ##.##.. #.# #.#
#..#...
##.########.########.....
#..#.##.##..#.#.#........
##..Y..YD@...............P
#.#.#Y#P#T##....#P#.......
#
#..########..#####.......
###.# ###.## #P.# ##..#...
#....P##..Y.# ##.# #.#.#..
......†..?.#.# ...
#..#.##.
...##....#........ ....
......... #.####.#.Y##..
.>. P###..#... ## #.#### .
#####..


You could see a 11-headed hydra, 3 yaks and a friendly troll (berserk).

Vanquished Creatures
  A stone giant (Orc:4)
  An ettin (Orc:4)
  Josephine (D:12)
  2 ogre magi (Orc:4)
  The ghost of Bestweed the Basher, a powerful GrFi of Okawaru (Lair:1)
  Urug (Orc:2)
  The ghost of Chiseanne the Destroyer, an experienced DsWn of Vehumet (D:10)
  The ghost of Tyryt0 the Blocker, an experienced GrFi of the Shining One (D:8)
  2 deep trolls (Orc:4)
  A wizard (D:9)
  4 hill giants
  An orc sorcerer (Orc:2)
  2 cyclopes
  2 ugly things
  The ghost of glosham the Twirler, an experienced DgSu (D:6)
  3 spiny frogs
  An efreet (D:12)
  A centaur skeleton (D:10)
  2 komodo dragons
  3 kobold demonologists (D:10)
  7 trolls (Orc:4)
  A blink frog (shapeshifter) (D:9)
  A boulder beetle (Orc:1)
  6 two-headed ogres
  A deep elf mage (D:10)
  3 wraiths (D:12)
  13 yaks
  3 hippogriffs
  2 wyverns
  A hungry ghost (D:10)
  A steam dragon (D:12)
  3 porcupines
  A warg (D:10)
  2 water moccasins
  4 wolves
  An ice beast (D:8)
  4 sky beasts
  A black bear (Lair:2)
  A soldier ant (D:10)
  3 phantoms
  12 orc warriors
  A necrophage (D:8)
  2 wasps (D:7)
  3 centaurs
  28 ogres
  3 crocodiles
  15 giant frogs
  7 big kobolds
  3 killer bees (D:10)
  5 scorpions
  An electric eel (Lair:2)
  10 crimson imps
  2 centaur zombies
  A jelly (D:9)
  33 orc wizards
  3 hounds
  Crazy Yiuf (D:3)
  3 iguanas
  A giant frog skeleton (D:4)
  22 orc priests
  Natasha (thrice) (D:3)
  7 worker ants
  A worker ant zombie (D:8)
  10 adders
  7 gnolls
  5 river rats (Lair:3)
  3 shadow imps
  An ooze (D:1)
  4 worms
  5 giant geckos
  173 orcs
  2 ball pythons
  2 bat skeletons
  2 giant cockroaches
  25 hobgoblins
  70 kobolds
  3 quokkas (D:2)
  15 bats
  A giant gecko zombie (D:5)
  9 giant newts
  20 goblins
  17 jackals
  A jackal skeleton (D:8)
  2 quokka skeletons
  A quokka zombie (D:7)
  16 rats
  A fungus (Lair:1)
  A plant (D:10)
654 creatures vanquished.

Vanquished Creatures (collateral kills)
  A rat (D:9)
1 creature vanquished.

Vanquished Creatures (others)
  An orc (Orc:1)
  A fungus (Lair:3)
  3 plants
5 creatures vanquished.

Grand Total: 660 creatures vanquished

Notes
Turn   | Place    | Note
--------------------------------------------------------------
     0 | D:1      | Promi the Minotaur Berserker began the quest for the Orb.
     0 | D:1      | Reached XP level 1. HP: 19/19 MP: 0/0
   314 | D:1      | Reached XP level 2. HP: 20/27 MP: 1/1
   579 | D:1      | Reached skill level 4 in Fighting
   599 | D:1      | Reached XP level 3. HP: 33/33 MP: 2/2
   687 | D:2      | Acquired Trog's second power
  1090 | D:2      | Reached XP level 4. HP: 32/40 MP: 3/3
  1831 | D:3      | Noticed Natasha
  1836 | D:3      | Killed Natasha
  1878 | D:3      | Noticed Natasha
  1885 | D:3      | Killed Natasha
  1885 | D:3      | Reached XP level 5. HP: 30/47 MP: 4/4
  1906 | D:3      | Noticed Natasha
  1909 | D:3      | Killed Natasha
  2108 | D:3      | Found an opulent altar of Gozag.
  2296 | D:3      | Noticed Crazy Yiuf
  2303 | D:3      | Killed Crazy Yiuf
  2578 | D:3      | Reached skill level 5 in Fighting
  2593 | D:3      | Noticed a big kobold
  2606 | D:3      | Killed a big kobold
  2606 | D:3      | Reached XP level 6. HP: 54/56 MP: 5/5
  2623 | D:3      | Reached skill level 5 in Axes
  2669 | D:3      | Noticed an ogre
  2675 | D:3      | Killed an ogre
  2707 | D:3      | Acquired Trog's third power
  2732 | D:3      | Noticed a big kobold
  2735 | D:3      | Noticed a big kobold
  2754 | D:3      | Killed a big kobold
  2766 | D:3      | Noticed a big kobold
  2778 | D:3      | Killed a big kobold
  2787 | D:3      | Reached XP level 7. HP: 22/62 MP: 6/6
  2791 | D:3      | Killed a big kobold
  2791 | D:3      | Reached skill level 5 in Dodging
  3410 | D:4      | Reached skill level 6 in Fighting
  3410 | D:4      | Reached skill level 5 in Armour
  3585 | D:4      | Found Cynei's Armour Shoppe.
  3792 | D:4      | Found a staircase to the Ecumenical Temple.
  3953 | D:4      | Found a glowing drain.
  3958 | Sewer    | Entered a sewer
  4308 | D:4      | Found a sacrificial altar of Ru.
  4484 | D:5      | Entered Level 5 of the Dungeon
  4587 | D:5      | Found a deep blue altar of Sif Muna.
  4657 | D:5      | Found a snail-covered altar of Cheibriados.
  4755 | D:5      | Reached XP level 8. HP: 67/71 MP: 7/7
  5237 | D:5      | Reached skill level 7 in Fighting
  5291 | D:6      | Noticed glosham's ghost (experienced DgSu)
  5310 | D:6      | Killed glosham's ghost
  5635 | D:6      | Found a stormy altar of Qazlal.
  5969 | D:6      | Reached skill level 8 in Axes
  5969 | D:6      | Reached XP level 9. HP: 74/81 MP: 8/8
  6527 | D:6      | You fall through a shaft!
  6735 | D:7      | Paralysed by a wasp for 3 turns
  6742 | D:7      | Received a gift from Trog
  6844 | D:7      | Found a radiant altar of Vehumet.
  7109 | D:7      | Reached skill level 9 in Axes
  7868 | D:7      | Found a deep blue altar of Sif Muna.
  8044 | D:8      | Upgraded the game from 0.17-a0-1570-g74b7129 to 0.17-a0-1571-g3ed2ab2
  8055 | D:8      | Found a sparkling altar of Nemelex Xobeh.
  8084 | D:8      | Noticed Tyryt0's ghost (experienced GrFi)
  8105 | D:8      | Killed Tyryt0's ghost
  8105 | D:8      | Reached XP level 10. HP: 91/91 MP: 9/9
  8389 | D:8      | Found a shimmering altar of Xom.
  9025 | D:9      | Noticed a wizard
  9028 | D:9      | Killed a wizard
  9028 | D:9      | Reached skill level 10 in Fighting
  9028 | D:9      | Reached skill level 10 in Axes
  9221 | D:10     | Entered Level 10 of the Dungeon
  9243 | D:10     | Noticed Chiseanne's ghost (experienced DsWn)
  9265 | D:10     | Killed Chiseanne's ghost
  9265 | D:10     | Reached skill level 10 in Armour
  9420 | D:10     | HP: 4/94 [yak (5)]
  9441 | D:10     | Reached XP level 11. HP: 48/101 MP: 10/10
  9654 | D:10     | Found a staircase to the Orcish Mines.
  9688 | D:10     | Gained mutation: You occasionally shout uncontrollably at your foes. [potion of mutation]
  9688 | D:10     | Gained mutation: You can spit weak poison. [potion of mutation]
  9688 | D:10     | Gained mutation: You are partially covered in large bone plates (AC +2, SH +2). [potion of mutation]
  9726 | D:10     | Received a gift from Trog
  9975 | D:10     | Reached skill level 10 in Dodging
 10000 | D:10     | Found a corrupted altar of Lugonu.
 10005 | D:10     | Reached skill level 11 in Axes
 10076 | D:10     | Noticed a hill giant
 10082 | D:10     | Killed a hill giant
 10102 | D:10     | Noticed a hill giant
 10121 | D:10     | Killed a hill giant
 10740 | D:11     | Found a staircase to the Lair.
 11400 | D:12     | Noticed a hill giant
 11406 | D:12     | Killed a hill giant
 11504 | D:12     | HP: 2/153 [efreet/bolt of fire (28)]
 12063 | D:12     | Noticed Josephine
 12072 | D:12     | Killed Josephine
 12075 | D:12     | Received a gift from Trog
 12399 | D:4      | Bought a +3 plate armour of positive energy for 462 gold pieces
 12458 | D:5      | Reached skill level 12 in Fighting
 12650 | Orc:1    | Entered Level 1 of the Orcish Mines
 12739 | Orc:1    | Reached XP level 12. HP: 40/112 MP: 3/11
 13740 | Orc:2    | Received a gift from Trog
 13757 | Orc:2    | Identified a scroll of acquirement
 13778 | Orc:2    | Noticed Urug
 13792 | Orc:2    | Killed Urug
 13963 | Orc:2    | Found a bloodstained altar of Trog.
 14587 | Orc:4    | Entered Level 4 of the Orcish Mines
 14839 | Orc:3    | Received a gift from Trog
 15044 | Orc:3    | Found a staircase to the Elven Halls.
 15398 | Orc:4    | Noticed an ogre mage
 15469 | Orc:4    | Killed an ogre mage
 15811 | Orc:4    | Found Futab's Jewellery Shop.
 15811 | Orc:4    | Noticed an ogre mage
 15824 | Orc:4    | Killed an ogre mage
 15824 | Orc:4    | Reached skill level 13 in Fighting
 16066 | Orc:4    | Noticed a stone giant
 16100 | Orc:4    | Killed a stone giant
 16100 | Orc:4    | Received a gift from Trog
 16488 | Orc:4    | Found Soelodghu's Armour Boutique.
 16489 | Orc:4    | Found Xoghocw's Assorted Antiques.
 16499 | Orc:4    | Found Beonkoco's Antique Armour Boutique.
 16501 | Orc:4    | Noticed an ettin
 16511 | Orc:4    | Killed an ettin
 16556 | Orc:4    | Reached XP level 13. HP: 95/122 MP: 4/12
 17122 | Lair:1   | Entered Level 1 of the Lair of Beasts
 17272 | Lair:1   | Noticed Bestweed's ghost (powerful GrFi)
 17283 | Lair:1   | Killed Bestweed's ghost
 18975 | Lair:3   | HP: 2/123 [11-headed hydra (7)]
 18976 | Lair:3   | Slain by a 11-headed hydra

Vault maps used:
D:1:      dpeg_arrival_pits
D:2:      kennysheep_pointless_box
D:3:      minmay_goblin_kobold_castle, lemuel_doored_altar,
          minmay_misc_feat_iff, minmay_ruptured, uniq_natasha,
          uniq_crazy_yiuf_cottage
D:4:      kennysheep_mini, temple_green, portal_sewer_entry_e, first_bread,
          serial_shops, kennysheep_little_box
D:5:      cheibrodos_worm_habitat, basic_altar
D:6:      overflow_temple_1_default, hangedman_decor_peaks_small,
          corexii_leaking_fountain, kennysheep_generic_room_12
D:7:      fiery_altar_vehumet, lemuel_blue_sif_altar
D:8:      nemelex_altar_shiori, xom_butterflies, grunt_pizzeria
D:9:      minivault_20
D:10:     kennysheep_kobold_lugonu_temple, david_orc_3
D:11:     lair_0_dummy, kennysheep_potato
D:12:     grunt_gozag_statues, uniq_josephine
Lair:2:   serial_bayou_pond_d, wad_woods_river_01
Lair:3:   beast_lair_carwin_3, lemuel_fruit_tree
Orc:1:    rock_pile
Orc:2:    trog_hazing_becter, uniq_urug
Orc:3:    nicolae_orc_pool_cavern
Orc:4:    st_orc_open, portal_ice_cave_entry_pillars_01
Sewer:    sewer_the_crocodile

Action                   |  1- 3 |  4- 6 |  7- 9 | 10-12 | 13-15 || total
-------------------------+-------+-------+-------+-------+-------++-------
Melee: Hand axe          |    60 |   158 |   101 |       |       ||   319
       War axe           |       |       |   244 |   423 |       ||   667
       Battleaxe         |       |       |       |   370 |    91 ||   461
       Lajatang          |       |       |       |       |     1 ||     1
Invok: Berserk           |     3 |     4 |     8 |    16 |     3 ||    34
       Brothers in Arms  |       |       |       |     1 |     1 ||     2
       Burn Spellbooks   |       |       |       |     1 |       ||     1
  Use: Scroll            |       |       |    16 |     7 |       ||    23
       Potion            |       |       |       |     8 |     1 ||     9
 Stab: Distracted        |       |       |     1 |       |       ||     1
  Eat: Chunk             |     4 |     8 |    20 |    38 |     9 ||    79
       Bread ration      |       |       |     1 |     1 |       ||     2
       Beef jerky        |       |       |     1 |       |       ||     1
       Fruit             |       |       |       |     2 |       ||     2
       Pizza             |       |       |       |     1 |       ||     1
